 Dungeon Crawl Stone Soup version 0.27.1-1-g398f81649c (webtiles) character file.

Game seed: 3313356712183419377

303 Thatpatchoflichen the Skirmisher (level 6, -9/55 HPs)
             Began as a Minotaur Fighter on Sept 6, 2021.
             Was an Initiate of the Shining One.
             Mangled by Menkaure (15 damage)
             ... on level 3 of the Dungeon.
             The game lasted 00:06:51 (3244 turns).

Thatpatchoflichen the Skirmisher (Minotaur Fighter) Turns: 3244, Time: 00:06:52

Health: -9/55      AC: 12    Str: 20    XL:     6   Next: 15%
Magic:  0/5        EV:  5    Int: 11    God:    the Shining One [......]
Gold:   68         SH: 10    Dex: 12    Spells: 5/5 levels left

rFire    . . .     SeeInvis .   l - +2 short sword (venom)
rCold    . . .     Faith    .   c - +0 kite shield
rNeg     . . .     Spirit   +   m - +0 plate armour
rPois    .         Reflect  .   (helmet restricted)
rElec    .         Harm     .   (no cloak)
rCorr    .         Rampage  .   (no gloves)
Will     .....                  (no boots)
Stlth    ..........             q - amulet of guardian spirit
HPRegen  0.18/turn              t - +6 ring of intelligence
MPRegen  0.09/turn              (no ring)

@: glowing
A: horns 2, retaliatory headbutt
a: Renounce Religion


You were on level 3 of the Dungeon.
You worshipped the Shining One.
The Shining One was noncommittal.
You visited 1 branch of the dungeon, and saw 4 of its levels.

You collected 68 gold pieces.

Inventory:

Hand Weapons
 a - a +0 trident
 e - a +1 dagger of speed
 j - a +2 hunting sling of flaming
 l - a +2 short sword of venom (weapon)
 v - a +1 hand axe of freezing
Missiles
 f - 92 stones (quivered)
 g - 18 poisoned darts
 i - 20 arrows
 s - 8 sling bullets
 z - 5 boomerangs
 F - 20 bolts
Armour
 c - a +0 kite shield (worn)
 m - a +0 plate armour (worn)
Jewellery
 q - an amulet of guardian spirit (around neck)
 t - a +6 ring of intelligence (left hand)
Wands
 u - a wand of flame (10)
Scrolls
 b - a scroll of immolation {unknown}
 h - 2 scrolls of amnesia {unknown}
 p - 2 scrolls of magic mapping {unknown}
 w - a scroll of teleportation {unknown}
 y - a scroll of noise {unknown}
 A - 2 scrolls of identify {unknown}
 C - a scroll of torment {unknown}
Potions
 d - 2 potions of might
 k - a potion of berserk rage {unknown}
 n - 2 potions of invisibility {unknown}
 o - a potion of flight {unknown}
 r - a potion of haste {unknown}
 x - a potion of heal wounds {unknown}
 B - a potion of ambrosia {unknown}
 D - a potion of curing {unknown}
 E - a potion of magic {unknown}


   Skills:
 + Level 4.9 Fighting
 - Level 2.4 Polearms
 + Level 4.9 Armour
 * Level 4.1 Dodging
 + Level 4.9 Shields


You had 5 spell levels left.
You didn't know any spells.
Your spell library was empty.

Dungeon Overview and Level Annotations

Branches:
Dungeon (4/15)
 Temple: D:4-7

Altars:
The Shining One

Annotations:
D:3 Menkaure


Innate Abilities, Weirdness & Mutations

You have a pair of horns on your head.
You reflexively headbutt those who attack you in melee.


Message History

Menkaure seems to speed up.
The gnoll barely misses you.
Things that are here:
a +0 ring mail; a +0 club You see here a +0 club.
There is a stone staircase leading up here.
The gnoll hits you from afar with a +0 halberd.
You climb upwards.
There is a stone staircase leading down here.
You start resting.
HP restored.
You climb downwards.
Level annotation: Menkaure
There is a stone staircase leading up, spattered with blood here.
The gnoll barely misses you. You furiously retaliate!
You headbutt the gnoll!
You kill the gnoll!
There is a stone staircase leading up, spattered with blood here.
Menkaure hits you but does no damage.
You climb upwards.
There is a stone staircase leading down here.
You hit Menkaure.
Menkaure is moderately damaged.
You block Menkaure's attack. Menkaure casts a spell at you.
Pain shoots through your body!
You hit Menkaure but do no damage.
Menkaure is moderately damaged.
Menkaure hits you!
You hit Menkaure.
You headbutt Menkaure, but do no damage.
Menkaure is moderately damaged.
You block Menkaure's attack. x2
You hit Menkaure but do no damage. Your headbutt misses Menkaure.
Menkaure is moderately damaged.
Menkaure hits you! Menkaure casts a spell at you.
Pain shoots through your body!
* * * LOW HITPOINT WARNING * * *
Menkaure hits you!
You die...

#.# ############.# ...#.........#
###### ##.#.######### #....#
.....########## #....#
##...#........###### #....#
##...#<.......#....# ####....#
................##.# ###..'....#
................@M.####....#....#
.................#......####....#
.#...#...........#.###..........#
##...#...........#######..#######
.....#...........# ♣♣.♣#..#######
.....#...........##♣...#.#.....##
....##..........#.'..♣.#.#.#<####
....##............#♣.♣.#......###
....##...>)...#####♣♣.♣#......+.#


You could see Menkaure (fast).

Vanquished Creatures
  A crimson imp (D:3)
  An iguana (D:4)
  Natasha (thrice) (D:2)
  An orc wizard (D:4)
  An adder (D:3)
  3 gnolls
  A worm (D:2)
  3 dart slugs
  7 orcs
  5 endoplasms
  5 giant cockroaches
  8 goblins
  11 hobgoblins
  4 jackals (D:1)
  7 quokkas
  6 ball pythons
  5 bats
  3 frilled lizards
  2 goblin zombies (D:3)
  2 hobgoblin zombies (D:3)
  6 kobolds
  A kobold skeleton (D:3)
  A kobold zombie (D:3)
  2 orc skeletons (D:3)
  4 rats
93 creatures vanquished.

Notes
Turn   | Place    | Note
-------+----------+-------------------------------------------
     0 | D:1      | Thatpatchoflichen the Minotaur Fighter began the quest for
                  | the Orb.
     0 | D:1      | Reached XP level 1. HP: 19/19 MP: 0/0
   105 | D:1      | Found a faded altar of an unknown god.
   168 | D:1      | Reached skill level 1 in Dodging
   170 | D:1      | Reached XP level 2. HP: 23/27 MP: 1/1
   566 | D:1      | Reached XP level 3. HP: 33/33 MP: 2/2
  1104 | D:2      | Noticed Natasha
  1116 | D:2      | Killed Natasha
  1117 | D:2      | Reached XP level 4. HP: 34/40 MP: 3/3
  1470 | D:2      | Noticed Natasha
  1477 | D:2      | Killed Natasha
  1499 | D:2      | Noticed Natasha
  1507 | D:2      | Killed Natasha
  1508 | D:2      | Reached XP level 5. HP: 35/47 MP: 4/4
  1655 | D:3      | Found a glowing golden altar of the Shining One.
  1674 | D:3      | Became a worshipper of the Shining One
  2507 | D:4      | Reached XP level 6. HP: 36/55 MP: 1/5
  2619 | D:4      | Noticed Menkaure
  3244 | D:3      | Mangled by Menkaure

Illustrated notes

Levels and vault maps discovered:
D:1:      dpeg_arrival_rooms_b, layout_loops_cross,
          hellmonk_ecumenical_altar_run_dry
D:2:      layout_rooms, uniq_natasha
D:3:      layout_basic, nicolae_tso_besieged_by_evil, chequers_arboretum
D:4:      layout_rooms, yredelemnul_forgotten_temple_becter,
          kennysheep_little_box, gammafunk_ghost_grave,
          nicolae_shop_overcharged_wands, uniq_menkaure

Skill      XL: |  1  2  3  4  5  6 |
---------------+-------------------+-----
Dodging        | 1 2 3 4 |  4.1
Shields        | 4 |  4.9
Armour         | 4 |  4.9
Fighting       | 4 |  4.9
Polearms       | |  2.4

Action                   |  1- 3 |  4- 6 || total
-------------------------+-------+-------++-------
Melee: Trident           |    18 |       ||    18
       Headbutt          |    19 |    21 ||    40
       Short sword       |    84 |   107 ||   191
Armor: Scale mail        |    27 |       ||    27
       Plate armour      |    13 |   101 ||   114
Dodge: Dodged            |    26 |    34 ||    60
Block: Kite shield       |    54 |    98 ||   152
